 Dungeon Crawl Stone Soup version 0.21-a0-401-g0b6bec4 (webtiles) character file.

42 4thArraOfDagon the Cutter (level 3, 0/22 HPs)
             Began as a Deep Elf Chaos Knight on Oct 24, 2017.
             Slain by an orc
             ... wielding a +0 trident
              (10 damage)
             ... on level 3 of the Dungeon.
             The game lasted 00:03:45 (921 turns).

4thArraOfDagon the Cutter (Deep Elf Chaos Knight)    Turns: 921, Time: 00:03:46

Health: 0/22       AC:  5    Str:  9    XL:     3   Next: 33%
Magic:  5/5        EV: 12    Int: 17    God:    Xom [......]
Gold:   79         SH:  0    Dex: 14    Spells: 2/2 levels left

rFire    . . .     SeeInvis .   a - +0 short sword (chaos)
rCold    . . .     Gourm    .   (no shield)
rNeg     . . .     Faith    .   b - +2 leather armour
rPois    .         Spirit   .   (no helmet)
rElec    .         Reflect  .   (no cloak)
rCorr    .         Harm     .   (no gloves)
MR       .....                  (no boots)
Stlth    +.........             (no amulet)
HPRegen  0.07/turn              (no ring)
MPRegen  0.09/turn              (no ring)

@: no status effects
A: no striking features
a: Renounce Religion


You were on level 3 of the Dungeon.
You worshipped Xom.
You were a very special plaything of Xom.
You were not hungry.

You visited 1 branch of the dungeon, and saw 3 of its levels.

You collected 79 gold pieces.

Inventory:

Hand Weapons
 a - a +0 short sword of chaos (weapon)
 n - a +0 blowgun
Armour
 b - a +2 leather armour (worn)
Scrolls
 e - 3 scrolls of teleportation {unknown}
 h - 4 scrolls of enchant armour {unknown}
 j - 2 scrolls of remove curse {unknown}
 k - 3 scrolls of identify {unknown}
 l - a scroll of blinking {unknown}
Potions
 f - a potion of curing {unknown}
 i - a potion of brilliance {unknown}
 m - a potion of degeneration {unknown}
 o - a potion of berserk rage {unknown}
 p - a potion of resistance {unknown}
Comestibles
 c - a bread ration
 d - 4 fruits
 g - a meat ration


   Skills:
 - Level 2.4 Fighting
 * Level 3.8 Short Blades
 + Level 1.4 Armour
 - Level 3.0 Dodging


You had 2 spell levels left.
You didn't know any spells.

Dungeon Overview and Level Annotations

Branches:
Dungeon (3/15)

Altars:
Qazlal


Message History

Unknown command.
Unknown command.
The orc hits you but does no damage.
Unknown command.
Unknown command.
Unknown command.
A rat comes into view.
The orc hits you but does no damage. The orc misses you.
Unknown command.
Unknown command.
Unknown command.
Unknown command.
A bat comes into view.
Unknown command.
The bat hits you but does no damage.
Unknown command.
Your leather armour prevents you from hitting the bat.
The bat closely misses you. The orc hits you but does no damage.
The orc hits you from afar with a trident!
You die...

#..... #..... #
#....# .# # ....##.
.# ..... #. ## ## .b.
. .. ##..###.# .#.#
#......@##...#
.......o...r.#
..#.####o#..... #.
.##.# #.# .... ...
... #o#.....
.og.##.######o#.....
....#.og............#
.....(..#.....###....
#......#............


You could see 4 orcs, a bat and a rat.

Vanquished Creatures
  An adder (D:3)
  An ooze (D:2)
  2 worms (D:2)
  2 giant cockroaches
  A goblin (D:2)
  4 hobgoblins
  2 jackals (D:1)
  A quokka (D:2)
  A ball python (D:2)
  3 bats
  3 frilled lizards
  A kobold (D:1)
  A rat (D:2)
23 creatures vanquished.

Notes
Turn   | Place    | Note
-------+----------+-------------------------------------------
     0 | D:1      | 4thArraOfDagon the Deep Elf Chaos Knight began the quest for the Orb.
     0 | D:1      | Reached XP level 1. HP: 13/13 MP: 3/3
     3 | D:1      | Noticed a dwarf
     3 | D:1      | Noticed a troll
     5 | D:1      | Noticed an ogre
     7 | D:1      | Noticed a tengu
     7 | D:1      | Noticed a demigod
     9 | D:1      | Noticed a ghoul
     9 | D:1      | Noticed a felid
    11 | D:1      | Noticed a draconian
    11 | D:1      | Noticed a centaur
    13 | D:1      | Noticed a spriggan
    13 | D:1      | Noticed a gargoyle
    15 | D:1      | Noticed an elf
    19 | D:1      | Noticed an octopode
    19 | D:1      | Noticed a vampire
    21 | D:1      | Noticed a naga
    21 | D:1      | Noticed a demonspawn
    23 | D:1      | Noticed a halfling
    23 | D:1      | Noticed a vine stalker
    25 | D:1      | Noticed a formicid
    25 | D:1      | Noticed a minotaur
    27 | D:1      | Noticed a human
    27 | D:1      | Noticed a merfolk
   142 | D:1      | Reached skill level 1 in Armour
   299 | D:2      | Reached XP level 2. HP: 13/18 MP: 4/4
   452 | D:2      | XOM: mild Summ miscast
   481 | D:2      | XOM: harmless Tmut miscast
   495 | D:2      | Found a stormy altar of Qazlal.
   515 | D:2      | Noticed an air elemental
   517 | D:2      | Noticed an earth elemental
   517 | D:2      | Noticed a fire elemental
   517 | D:2      | Noticed a water elemental
   713 | D:2      | Reached XP level 3. HP: 7/22 MP: 5/5
   730 | D:2      | XOM: harmless Conj miscast
   921 | D:3      | Slain by an orc

Vault maps used:
D:1:      kb_arrival_jail, st_stairs_2, roderic_roman_lattice,
          kennysheep_flooded_box
D:2:      nicolae_qazlal_style_of_elements
D:3:      chequers_ecumenical_altar_simple, minmay_cut_off

Skill      XL: |  1  2 |
---------------+-------+-----
Armour         | 1 |  1.4
Dodging        | 3 |  3.0
Fighting       | |  2.4
Short Blades   | |  3.8

Action                   || total
-------------------------++-------
Melee: Short sword       ||    79
 Stab: Sleeping          ||     1
Armor: Leather armour    ||    23
Dodge: Dodged            ||    43

Table legend:
 A = Spawn XP
 B = Non-spawn XP
 C = Spawn XP percentage of total XP
 D = Spawn monster count
 E = Non-spawn monster count
 F = Spawn count percentage of total count
 G = Total turns spent on level
                    A         B        C        D         E        F      G
               +---------+---------+-------+---------+---------+-------+---------
         Total |       0 |      60 |   0.0 |       0 |      23 |   0.0 |   921
               +---------+---------+-------+---------+---------+-------+---------
           D:1 |       0 |      11 |   0.0 |       0 |       6 |   0.0 |   355
           D:2 |       0 |      34 |   0.0 |       0 |      14 |   0.0 |   480
           D:3 |       0 |      15 |   0.0 |       0 |       3 |   0.0 |    86
               +---------+---------+-------+---------+---------+-------+---------
